 Dungeon Crawl Stone Soup version 0.19.1 (webtiles) character file.

137251 Host24 the Sharpshooter (level 17, -12/120 HPs)
             Began as a Kobold Hunter on Jan 1, 2017.
             Was a High Priest of Okawaru.
             Mangled by an orc warlord
             ... wielding a +4 great mace of crushing
              (22 damage)
             ... on level 2 of the Orcish Mines.
             The game lasted 02:30:53 (35911 turns).

Host24 the Sharpshooter (Kobold Hunter)            Turns: 35911, Time: 02:30:53

Health: -12/120    AC: 16    Str: 12    XL:     17   Next: 82%
Magic:  16/22      EV: 36    Int: 10    God:    Okawaru [*****.]
Gold:   2496       SH:  0    Dex: 22    Spells: 0 memorised, 16 levels left

rFire  + + +     SeeInvis .     h - +1 arbalest (flame)
rCold  + + +     Gourm    .     r - +3 leather armour {MR+}
rNeg   . . .     Faith    .     (shield currently unavailable)
rPois  +         Spirit   .     A - +0 helmet
rElec  .         Reflect  .     y - +1 cloak {rF+}
rCorr  +         Harm     .     N - +4 pair of gloves of Xuyqaus {rPois rC++}
MR     +++..                    S - +0 pair of boots
Stlth  ++++......               (no amulet)
                                c - ring of resist corrosion
                                H - ring "Goipee" {rF++ rC+}

@: heroism, finesse, hasted, very quick
A: carnivore 3, dopey 1, magic resistance 1, strong 1, MP-powered wands
a: Heroism, Finesse, Renounce Religion


You were on level 2 of the Orcish Mines.
You worshipped Okawaru.
Okawaru was extremely pleased with you.
You were completely stuffed.

You visited 3 branches of the dungeon, and saw 23 of its levels.
You also visited: Ossuary and Volcano.

You collected 2496 gold pieces.

Inventory:

Hand Weapons
 e - the cursed +1 morningstar "Ovausats" {venom, rElec rC- Str+6, unknown}
   (You found it on level 2 of the Orcish Mines)

   It poisons the flesh of those it strikes.
   It affects your strength (+6).
   It makes you vulnerable to cold.
   It insulates you from electricity.
   It has a curse placed upon it.
 h - a +1 arbalest of flaming (weapon)
 P - a +4 scimitar of flaming
 U - a +1 arbalest of velocity
Missiles
 b - 15 poisoned needles
 d - 203 bolts (quivered)
 m - 13 tomahawks
Armour
 a - the +2 ring mail of the Mantidfly {Dex+2, unknown}
   (Okawaru gifted it to you on level 2 of the Orcish Mines)

   It affects your dexterity (+2).
 f - a +1 plate armour of cold resistance
 n - a +4 plate armour
 o - a +2 scale mail of cold resistance
 r - a +3 leather armour of magic resistance (worn)
 x - a +2 robe of magic resistance
 y - a +1 cloak of fire resistance (worn)
 A - a +0 helmet (worn)
 N - the +4 pair of gloves of Xuyqaus (worn) {rPois rC++}
   (Okawaru gifted it to you on level 2 of the Lair of Beasts)

   It greatly protects you from cold.
   It protects you from poison.
 S - a +0 pair of boots (worn)
Magical Staves
 j - an uncursed staff of fire {unknown}
Jewellery
 c - a ring of resist corrosion (right hand)
 H - the ring "Goipee" (left hand) {rF++ rC+}
   (You found it on level 4 of the Dungeon)

   [ring of protection from cold]

   It greatly protects you from fire.
   It protects you from cold.
Wands
 g - a wand of teleportation (4/9)
 k - a wand of random effects (17/48)
 z - a wand of digging (5/24)
 G - a wand of hasting (1/9)
Scrolls
 l - 4 scrolls of teleportation
 t - 2 scrolls of magic mapping
 w - 3 scrolls of fear
 C - 2 scrolls of fog
Potions
 i - a potion of berserk rage {unknown}
 u - 4 potions of agility
 I - 8 potions of might
 J - 3 potions of haste
 K - 3 potions of flight
 L - 14 potions of curing
 T - 2 potions of resistance
Comestibles
 p - 6 chunks of flesh
 v - 5 meat rations


   Skills:
 + Level 18.6(23.6) Fighting
 - Level 19.0(24.0) Crossbows
 - Level 18.0(23.0) Dodging
 - Level 1.3(6.3) Stealth
 - Level 7.0 Invocations


You had 16 spell levels left.
You didn't know any spells.

Dungeon Overview and Level Annotations

Branches:
Dungeon (15/15)            Temple (0/1) D:6            Lair (6/6) D:11
  Swamp (0/4) Lair:3        Snake (0/4) Lair:4        Slime (0/5) Lair:5
    Orc (2/2) D:12            Elf (0/3) Orc:2        Vaults (0/5) D:13
 Depths (0/5) D:15

Altars:
Ashenzari
Fedhas
Gozag
Kikubaaqudgha
Makhleb
Nemelex Xobeh
Okawaru
Qazlal
Ru
Sif Muna
Trog
Uskayaw
Vehumet
Xom
Yredelemnul
Zin
Beogh
Jiyva

Shops:
D:12 :[   D:15 *   Orc:2 (}

Portals:
Hell: Lair:6
Trove: D:10 (give +4 fire dragon scales)

Annotations:
Lair:5 1 runed door
Orc:2 Donald


Innate Abilities, Weirdness & Mutations

You are small and have problems with some larger weapons.
You are carnivorous and can eat meat at any time.
You are dopey. (Int -2)
You are resistant to hostile enchantments. (MR+)
Your muscles are strong. (Str +2)
You expend magic power (3 MP) to strengthen your wands.


Message History

The bolt burns the orc warlord.
The orc warlord is severely wounded.
Firing (i - inventory. (,) - cycle):
d - 205 bolts (quivered)
Press: ? - help, Shift-Dir - straight line, f/p - orc warlord
Aim: an orc warlord, wielding a great mace of crushing and wearing a chain mail (severely wounded)
You shoot a bolt.
The bolt hits the orc warlord but does no damage.
The orc warlord is severely wounded.
Firing (i - inventory. (,) - cycle):
d - 204 bolts (quivered)
Press: ? - help, Shift-Dir - straight line, f/p - orc warlord
Aim: an orc warlord, wielding a great mace of crushing and wearing a chain mail (severely wounded)
You shoot a bolt. The bolt hits the orc warlord!
The bolt burns the orc warlord.
The orc warlord is severely wounded.
The orc warrior no longer looks unusually strong.
The orc warlord hits you with a great mace of crushing!!
* * * LOW HITPOINT WARNING * * *
x2 You feel yourself speed up.
The orc warlord hits you with a great mace of crushing!!
You die...

.#..........#.......##...# ....
##....##'##.#....#####... .....
.#....#)..#.#[...#..##..##.....
.'....#...#...)..'..#...#......
.####.#####.####.#.[#.........#
##.[........#..#.####....h...#
##.####.....#[.'.####.8...8...8
'..#.[#..⌠..#..#.ooo(h...(.....
##.'..#.....####@####.8...8...8
##.#..#..........####.)......##
.#.####.#####.####..#.........#
.'......#..[#....)..#...#......
[######.#(..#....#.[##..##.....
##### #.##'##..).#####... ....
#.###....(........##...# ...
###..###.###[#####.# ....
#.....##.##...#..#.#


You could see an orc warlord, a warg and 2 orc warriors.

Vanquished Creatures
  Rupert (Orc:2)
  Agnes (D:14)
  Kirke (Lair:4)
  An orc warlord (Orc:2)
  Azrael (D:14)
  2 dire elephants (Lair:6)
  Snorg (Lair:4)
  The ghost of Host24 the Fighter, a journeyman KoHu of Okawaru (Lair:2)
  Erolcha (D:9)
  8 vault guards
  11 hydras
  2 catoblepae
  The ghost of Host24 the Nimble, a journeyman KoHu of Okawaru (Lair:1)
  3 centaur warriors
  An alligator (Lair:5)
  4 tengu warriors (D:15)
  The ghost of Host24 the Fighter, a novice KoHu of Okawaru (Lair:1)
  The ghost of Host24 the Fighter, a novice KoHu of Okawaru (Lair:1)
  A sun demon (Lair:6)
  A hell knight (Volcano)
  A shock serpent (shapeshifter) (D:15)
  A sixfirhy (Lair:6)
  2 unseen horrors (D:12)
  8 hill giants
  2 wizards
  2 swamp dragons (Lair:5)
  4 orc knights
  Pikel (D:8)
  A wolf spider zombie (D:12)
  3 deep elf magi
  A wolf spider (D:15)
  7 ugly things
  4 orc sorcerers
  9 cyclopes
  A salamander (D:15)
  A manticore (D:15)
  9 black mambas
  9 elephants
  2 torpor snails (Lair:6)
  4 gargoyles
  Maurice (D:13)
  Psyche (D:8)
  3 orange demons (Lair:6)
  8 spiny frogs
  8 komodo dragons
  A kobold demonologist (D:14)
  An efreet (D:15)
  A hellwing (Lair:6)
  6 yaktaurs
  3 rime drakes
  4 trolls
  4 polar bears
  4 red devils (Lair:6)
  7 two-headed ogres
  10 hippogriffs
  3 tyrant leeches (Lair:3)
  8 slime creatures
  15 blink frogs
  2 vampires
  3 shadows
  2 fire elementals (D:14)
  5 basilisks
  2 wraiths
  3 wyverns
  60 yaks
  4 hungry ghosts
  5 vampire mosquitoes
  A mottled dragon (D:13)
  8 wargs
  4 swamp worms (Lair:5)
  11 water moccasins
  6 hell hounds
  16 porcupines
  3 black bears
  5 ice beasts
  A slave (D:8)
  35 orc warriors
  6 sky beasts
  5 phantoms
  A necrophage (D:6)
  20 ogres
  16 centaurs
  14 crocodiles
  Blork the orc (D:6)
  4 big kobolds
  23 bullfrogs
  9 scorpions
  A hornet simulacrum (D:15)
  2 wyvern skeletons
  3 killer bees (D:7)
  5 wights (D:14)
  4 vampire bats (Lair:3)
  11 howler monkeys
  An electric eel (D:15)
  A bullfrog zombie (D:12)
  9 crimson imps
  A lava snake (D:15)
  4 jellies
  3 centaur zombies
  A quasit (D:11)
  A gnoll shaman (D:9)
  3 centaur skeletons
  3 human zombies (Ossuary)
  23 orc priests
  7 hounds
  27 orc wizards
  3 bullfrog skeletons
  5 iguanas
  Jessica (D:2)
  Ijyb (D:2)
  Natasha (thrice) (D:2 D:4)
  17 worker ants
  A big kobold zombie (Ossuary)
  A hound zombie (D:10)
  3 hound skeletons
  2 mummies (Ossuary)
  2 worker ant zombies
  Robin (D:3)
  8 gnolls
  2 howler monkey skeletons
  13 adders
  4 shadow imps
  2 oozes
  4 adder zombies (Ossuary)
  A worm (D:2)
  2 dart slugs
  3 leopard geckos
  124 orcs
  A ball python (D:6)
  4 giant cockroaches
  6 goblins
  4 hobgoblins
  2 jackals (D:4)
  3 quokkas
  13 bats
  2 frilled lizards
  A goblin zombie (Ossuary)
  5 hobgoblin zombies (Ossuary)
  A jackal zombie (Ossuary)
  22 kobolds
  13 kobold zombies (Ossuary)
  A leopard gecko skeleton (D:7)
  7 orc zombies (Ossuary)
  5 rats
  A rat zombie (Ossuary)
  2 butterflies (D:7)
  4 fungi
  2 plants (Lair:5)
891 creatures vanquished.

Vanquished Creatures (others)
  3 slaves (D:8)
  A jelly (D:8)
  An orc wizard (D:8)
  An adder zombie (D:8)
  An orc (D:8)
  7 goblins (D:3)
  A hobgoblin (D:3)
  23 fungi
  11 plants
49 creatures vanquished.

Grand Total: 940 creatures vanquished

Notes
Turn   | Place    | Note
-------+----------+-------------------------------------------
     0 | D:1      | Host24 the Kobold Hunter began the quest for the Orb.
     0 | D:1      | Reached XP level 1. HP: 12/12 MP: 1/1
   731 | D:2      | Found a stormy altar of Qazlal.
   742 | D:2      | Reached XP level 2. HP: 19/19 MP: 2/2
   743 | D:2      | Found a blossoming altar of Fedhas.
   791 | D:2      | Noticed Jessica
   796 | D:2      | Killed Jessica
   796 | D:2      | Reached XP level 3. HP: 23/23 MP: 3/3
   803 | D:2      | Reached skill level 5 in Crossbows
   831 | D:2      | Reached XP level 4. HP: 25/28 MP: 4/4
  1108 | D:2      | Found a sacrificial altar of Ru.
  1150 | D:2      | Noticed Ijyb
  1174 | D:2      | Killed Ijyb
  1218 | D:2      | Noticed Natasha
  1220 | D:2      | Killed Natasha
  1220 | D:2      | Reached skill level 6 in Crossbows
  1220 | D:2      | Reached XP level 5. HP: 32/32 MP: 5/5
  1734 | D:3      | Noticed Robin
  1742 | D:3      | Killed Robin
  1895 | D:3      | Found a radiant altar of Vehumet.
  2178 | D:3      | Found a deep blue altar of Sif Muna.
  2180 | D:3      | Found an ancient bone altar of Kikubaaqudgha.
  2383 | D:4      | Reached XP level 6. HP: 28/39 MP: 6/6
  2401 | D:4      | Reached skill level 5 in Fighting
  2679 | D:4      | Reached XP level 7. HP: 16/46 MP: 7/7
  2724 | D:4      | Got a shimmering lapis lazuli ring
  2752 | D:4      | Found an iron altar of Okawaru.
  2760 | D:4      | Became a worshipper of Warmaster Okawaru
  2762 | D:4      | Reached skill level 5 in Dodging
  2816 | D:4      | Found a sand-covered staircase.
  2910 | Ossuary  | Entered an ossuary
  3938 | D:4      | Reached XP level 8. HP: 47/52 MP: 8/8
  4071 | D:4      | Noticed Natasha
  4090 | D:4      | Killed Natasha
  4175 | D:4      | Found a hide-covered altar of Uskayaw.
  4271 | D:4      | Noticed Natasha
  4274 | D:4      | Killed Natasha
  4274 | D:4      | Reached * piety under Okawaru
  4417 | D:5      | Entered Level 5 of the Dungeon
  4423 | D:5      | Got a pitted copper ring
  4431 | D:5      | Identified the ring "Goipee" {rF++ rC+} (You found it on level 4 of the Dungeon)
  4432 | D:5      | Identified the cursed ring "Fupuipnu" {EV-2 Int-4 Slay+5} (You found it on level 5 of the Dungeon)
  5131 | D:6      | HP: 1/56 [orc warrior/long sword (10)]
  5554 | D:6      | Reached XP level 9. HP: 62/62 MP: 9/9
  5558 | D:6      | Found a glowing silver altar of Zin.
  5562 | D:6      | Found an opulent altar of Gozag.
  5579 | D:6      | Reached skill level 10 in Fighting
  5815 | D:6      | Found a staircase to the Ecumenical Temple.
  6041 | D:6      | Noticed Blork the orc
  6060 | D:6      | Killed Blork the orc
  6060 | D:6      | Reached ** piety under Okawaru
  6261 | D:6      | Reached skill level 5 in Invocations
  6639 | D:7      | Found a shimmering altar of Xom.
  7172 | D:7      | Found a sparkling altar of Nemelex Xobeh.
  7576 | D:7      | Reached skill level 7 in Crossbows
  7835 | D:7      | Reached XP level 10. HP: 56/68 MP: 15/15
  7967 | D:7      | Reached *** piety under Okawaru
  7967 | D:7      | Reached skill level 8 in Crossbows
  8173 | D:8      | Noticed Pikel
  8185 | D:8      | Killed Pikel
  8185 | D:8      | Reached skill level 9 in Crossbows
  8187 | D:8      | Reached skill level 10 in Crossbows
  8202 | D:8      | Found a deep blue altar of Sif Muna.
  8328 | D:8      | Gained mutation: You expend magic power (3 MP) to strengthen your wands. [potion of mutation]
  8328 | D:8      | Gained mutation: You are resistant to hostile enchantments. (MR+) [potion of mutation]
  8328 | D:8      | Gained mutation: You are dopey. (Int -2) [potion of mutation]
  9104 | D:9      | Reached **** piety under Okawaru
  9295 | D:9      | Noticed Psyche
  9318 | D:8      | Killed Psyche
  9671 | D:9      | Reached XP level 11. HP: 34/72 MP: 16/16
  9699 | D:9      | Reached skill level 10 in Dodging
  9999 | D:9      | Reached ***** piety under Okawaru
  9999 | D:9      | Reached skill level 11 in Crossbows
 10321 | D:9      | Noticed Erolcha
 10331 | D:9      | Killed Erolcha
 10331 | D:9      | Received a gift from Okawaru
 10331 | D:9      | Reached skill level 12 in Crossbows
 10516 | D:9      | Noticed a hill giant
 10677 | D:9      | Found an iron altar of Okawaru.
 10842 | D:9      | Received a gift from Okawaru
 11039 | D:9      | Found a basalt altar of Yredelemnul.
 11042 | D:9      | Found a shattered altar of Ashenzari.
 11103 | D:10     | Entered Level 10 of the Dungeon
 11278 | D:10     | Found a portal to a secret trove of treasure.
 11353 | D:10     | Noticed a hill giant
 11553 | D:9      | Reached skill level 13 in Crossbows
 11645 | D:9      | Received a gift from Okawaru
 11723 | D:10     | Noticed a hill giant
 11745 | D:9      | Killed a hill giant
 11767 | D:10     | Killed a hill giant
 12043 | D:11     | Noticed a deep elf mage
 12045 | D:11     | Noticed a wizard
 12047 | D:11     | Noticed a deep elf mage
 12060 | D:11     | Killed a deep elf mage
 12060 | D:11     | Received a gift from Okawaru
 12069 | D:11     | Killed a deep elf mage
 12069 | D:11     | Reached XP level 12. HP: 30/81 MP: 10/17
 12094 | D:11     | Identified Ts'ui Pên's Catalogue of Forking Paths
 12556 | D:11     | Found a staircase to the Lair.
 12716 | D:11     | Received a gift from Okawaru
 12739 | D:11     | Got a polished hat {god gift}
 12750 | D:11     | Identified the +2 hat of the Big Bang {rPois Dex+5 Slay-3} (Okawaru gifted it to you on level 11 of the Dungeon)
 12831 | D:11     | Identified the Grimoire of Combed Thunderclap
 12845 | D:11     | Identified the Incunabulum of Dhcmrlchtdj
 12941 | Lair:1   | Entered Level 1 of the Lair of Beasts
 13216 | Lair:1   | Noticed Host24's ghost (novice KoHu)
 14516 | Lair:1   | Noticed Host24's ghost (journeyman KoHu)
 14532 | Lair:1   | Killed Host24's ghost
 14561 | Lair:1   | Noticed Host24's ghost (novice KoHu)
 14884 | D:12     | HP: 4/84 [wizard/crystal spear (55)]
 14888 | D:12     | Killed a wizard
 14888 | D:12     | Reached XP level 13. HP: 26/88 MP: 15/18
 15392 | Lair:1   | Killed Host24's ghost
 15396 | Lair:1   | Killed Host24's ghost
 15599 | Lair:1   | Reached skill level 14 in Crossbows
 16020 | Lair:2   | Noticed Host24's ghost (journeyman KoHu)
 16303 | Lair:2   | Received a gift from Okawaru
 16932 | Lair:2   | Reached skill level 15 in Crossbows
 17040 | Lair:2   | Killed Host24's ghost
 17729 | Lair:2   | Received a gift from Okawaru
 17730 | Lair:2   | Got a pair of jewelled gloves {god gift}
 17736 | Lair:2   | Identified the +4 pair of gloves of Xuyqaus {rPois rC++} (Okawaru gifted it to you on level 2 of the Lair of Beasts)
 17979 | Lair:3   | Noticed an eight-headed hydra
 18056 | Lair:2   | Reached skill level 16 in Crossbows
 18401 | Lair:3   | Noticed an eight-headed hydra
 18426 | Lair:3   | Killed an eight-headed hydra
 18995 | Lair:3   | Found a staircase to the Swamp.
 19323 | Lair:3   | HP: 4/89 [eight-headed hydra (1)]
 19325 | Lair:3   | Killed an eight-headed hydra
 19707 | Lair:4   | Reached XP level 14. HP: 90/96 MP: 19/19
 20139 | Lair:4   | Noticed Kirke
 20396 | Lair:4   | Found a staircase to the Snake Pit.
 20485 | Lair:4   | Reached skill level 15 in Fighting
 20988 | Lair:5   | Received a gift from Okawaru
 21074 | Lair:5   | Found a runed door.
 21074 | Lair:5   | Found a viscous altar of Jiyva.
 21075 | Lair:5   | Found a staircase to the Slime Pits.
 21075 | Lair:5   | Noticed an acid blob
 21136 | Lair:5   | Gained mutation: Your muscles are strong. (Str +2) [potion of beneficial mutation]
 21409 | Lair:5   | Received a gift from Okawaru
 21447 | Lair:5   | Found a dark tunnel.
 21533 | Volcano  | Entered a volcano
 21564 | Volcano  | Found a burning altar of Makhleb.
 21982 | Volcano  | Reached skill level 17 in Crossbows
 21982 | Volcano  | Reached XP level 15. HP: 80/103 MP: 20/20
 22977 | Lair:5   | Reached skill level 18 in Crossbows
 23600 | Lair:5   | Reached skill level 15 in Dodging
 23966 | Lair:4   | Noticed Snorg
 23989 | Lair:4   | Killed Snorg
 24055 | Lair:4   | Killed Kirke
 24055 | Lair:4   | Received a gift from Okawaru
 24193 | Lair:6   | Entered Level 6 of the Lair of Beasts
 24441 | Lair:6   | Reached XP level 16. HP: 109/109 MP: 21/21
 24740 | Lair:6   | Received a gift from Okawaru
 25511 | Lair:6   | Found a burning altar of Makhleb.
 25619 | Lair:6   | Found a gateway to Hell.
 26218 | D:12     | Reached ****** piety under Okawaru
 26342 | D:12     | Received a gift from Okawaru
 26591 | D:12     | Found Kenirir's Armour Boutique.
 26830 | D:12     | Found Zujol's Book Emporium.
 27241 | D:12     | Found a staircase to the Orcish Mines.
 27811 | D:13     | Received a gift from Okawaru
 28085 | D:13     | Noticed Maurice
 28179 | D:13     | Killed Maurice
 28363 | D:13     | Received a gift from Okawaru
 28422 | D:13     | Found a roughly hewn altar of Beogh.
 28762 | D:13     | Found a gate to the Vaults.
 29731 | D:14     | Reached XP level 17. HP: 105/119 MP: 22/22
 29787 | D:14     | Found a bloodstained altar of Trog.
 29877 | D:14     | Noticed Azrael
 29889 | D:14     | Killed Azrael
 30945 | D:14     | Noticed Agnes
 30963 | D:14     | Killed Agnes
 31108 | D:15     | Entered Level 15 of the Dungeon
 31628 | D:15     | Found Ynaifa Xarch's General Store.
 31713 | D:15     | Found a staircase to the Depths.
 32151 | D:15     | Received a gift from Okawaru
 32884 | Lair:1   | Identified a scroll of acquirement
 32973 | Orc:1    | Entered Level 1 of the Orcish Mines
 33030 | Orc:1    | You fall through a shaft!
 33030 | Orc:2    | Entered Level 2 of the Orcish Mines
 33036 | Orc:2    | Noticed Donald
 33755 | Orc:2    | Received a gift from Okawaru
 33762 | Orc:2    | Got a brightly glowing ring mail {god gift}
 33765 | Orc:2    | Got a jewelled morningstar
 34131 | Orc:2    | Found a roughly hewn altar of Beogh.
 34250 | Orc:2    | Found Zoeppub's Gadget Shop.
 34265 | Orc:2    | Reached skill level 19 in Crossbows
 34300 | Orc:2    | Found Zeleypaiwn's Antique Weapon Boutique.
 35215 | Orc:2    | Noticed Rupert
 35225 | Orc:2    | Killed Rupert
 35433 | Orc:2    | Found a staircase to the Elven Halls.
 35911 | Orc:2    | Mangled by an orc warlord

Skill      XL: |  1  2  3  4  5  6  7  8  9 10 11 12 13 14 15 16 17 |
---------------+----------------------------------------------------+-----
Fighting       | 3 4 6 9 10 11 13 14 15 18 | 18.6
Dodging        | 3 6 9 10 13 14 15 16 18 | 18.0
Crossbows      | 5 6 7 10 13 16 17 18 19 | 19.0
Invocations    | 7 |  7.0
Stealth        | |  1.3

Action                   |  1- 3 |  4- 6 |  7- 9 | 10-12 | 13-15 | 16-18 || total
-------------------------+-------+-------+-------+-------+-------+-------++-------
Melee: Short sword       |    15 |   145 |   640 |    19 |       |       ||   819
       Whip              |       |       |       |   130 |       |       ||   130
       Scimitar          |       |       |       |   200 |   138 |   312 ||   650
       Hand crossbow     |       |       |       |     1 |     1 |       ||     2
       Eveningstar       |       |       |       |       |       |   526 ||   526
       Demon trident     |       |       |       |       |       |    18 ||    18
       Arbalest          |       |       |       |       |       |     1 ||     1
 Fire: Hand crossbow     |    11 |    66 |   147 |   565 |   306 |       ||  1095
       Blowgun           |       |       |     7 |     4 |       |       ||    11
       Arbalest          |       |       |       |       |   446 |   613 ||  1059
Throw: Stone             |       |       |     2 |     1 |       |       ||     3
Invok: Heroism           |       |       |     4 |    15 |    13 |    10 ||    42
       Finesse           |       |       |       |     5 |     3 |     5 ||    13
Evoke: Wand              |       |       |       |       |       |     2 ||     2
  Use: Scroll            |       |       |    10 |    10 |     7 |     5 ||    32
       Potion            |       |       |     1 |    11 |     5 |     5 ||    22
 Stab: Sleeping          |     2 |     1 |     7 |     2 |       |     3 ||    15
       Distracted        |       |       |       |       |     1 |     2 ||     3
  Eat: Chunk             |     7 |     7 |    15 |    34 |    29 |    39 ||   131
       Pizza             |       |       |       |     1 |       |       ||     1
Armor: Leather armour    |     2 |    64 |   202 |   167 |    96 |   217 ||   748
       Skin              |       |       |       |     9 |       |       ||     9
       Scale mail        |       |       |       |     4 |       |       ||     4
Dodge: Dodged            |    14 |   199 |   602 |   947 |   721 |  1832 ||  4315
       Rpst.: Scimitar   |       |       |       |    88 |    57 |   141 ||   286
